[Event "*** Titled Tuesday Blitz"]
[Site "Chess.com"]
[Date "2021.03.30"]
[Round "6"]
[White "Evgeny81"]
[Black "Smirnov_Pavel"]
[Result "0-1"]
[WhiteElo "2773"]
[BlackElo "2896"]
[TimeControl "180+1"]
[EndTime "11:07:39 PDT"]
[Termination "Smirnov_Pavel won by resignation"]

1. d4 Nf6 2. c4 e6 3. Nf3 d5 4. g3 Be7 5. Bg2 O-O 6. O-O c6 7.
Qc2 b6 8. b3 Nbd7 9. Rd1 Bb7 10. Nc3 Ba6 11. Nd2 b5 12. e4 dxc4 13.
bxc4 bxc4 14. Qa4 Bb5 15. Qc2 Ba6 16. Nf1 Qc7 17. Ne3 Rab8 18. Bf1 c5 19. d5 Ne5 20. Qa4 Rb6 21. Bd2 Nf3+ 22. Kh1 Nxd2 23. Rxd2 Qe5 24. Rc1 Nxe4 25. Nxe4 Qxe4+ 26. Bg2 Qe5 27.
Nxc4 Bxc4 28. Qxc4 Rd8 29. Re2 Qd4 30. Qxd4 cxd4 31.
dxe6 fxe6 32. Rd1 Bf6 33. Be4 Rc8 34. Kg2 Rc3 35. Bd3 h6 36. Kf3 Kf7 37. Ke4 Ke7 38.
Rb1 Rxb1 39. Bxb1 Rc5 40. Bd3 Re5+ 41. Kf3 Ra5 42. Rc2 Kd6 43. Ke4 Ra3 44. h4 g5 45.
hxg5 hxg5 46. Rb2 Ra5 47. Kf3 Ra3 48. Ke4 g4 49. Rc2 Ra5 50. Kf4 Be5+ 51. Kxg4 Ra3 52. Be4 Bf6 53. f4 Bd8 54. Rc6+ Kd7 55. Rc2 Ba5 56. Rc4 Bc3 57. Bd3 Rxa2 58. Kf3 Rd2 59. Ke4 Rd1 60. Ra4 Re1+ 61. Kf3 Re3+ 62. Kg4 Rxd3 63.
Rxa7+ Kd6 0-1

[Event "*** Titled Tuesday Blitz"]
[Site "Chess.com"]
[Date "2021.03.30"]
[Round "6"]
[White "politeplayer"]
[Black "Blitzking642"]
[Result "0-1"]
[WhiteElo "2219"]
[BlackElo "2433"]
[TimeControl "180+1"]
[EndTime "11:07:40 PDT"]
[Termination "Blitzking642 won by resignation"]

1. e4 e6 2. d4 d5 3. Nc3 Bb4 4. e5 c5 5. a3 Bxc3+ 6. bxc3 Ne7 7. Nf3 Qc7 8. a4 Qa5 9. Bb5+ Bd7 10. Bxd7+ Nxd7 11. O-O O-O 12. Rb1 b6 13. Qd3 Qxa4 14. Ng5 Ng6 15. h4 c4 16. Qe2 h6 17. h5 Ne7 18.
Nh3 Qc6 19. Ba3 Rfe8 20. Bxe7 Rxe7 21. Nf4 a5 22. Qg4 a4 23. Ra1 a3 24. Ra2 Nf8 25. Rfa1 Rea7 26. Ne2 Qa4 27. f4 Qd7 28. Ng3 b5 29. f5 Kh8 30. f6 g5 31. hxg6 fxg6 32. Qh4 Qh7 33. Rf1 g5 34. Qh5 Ng6 35. f7 Nf4 36. Rxf4 gxf4 37. Ne2 Rxf7 38. Qh3 Qf5 39. Qxh6+ Rh7 40. Qf6+ Qxf6 41. exf6 Rf7 42. Nxf4 Rxf6 43. g3 Kh7 44. Kf2 Kh6 45. Ra1 Kg5 46. Rh1 Rxf4+ 47. gxf4+ Kxf4 48. Rh4+ Kg5 49. Rh1 a2 50. Rg1+ Kf4 51.
Ra1 Ke4 52. Ke2 e5 53. Kd2 exd4 54. cxd4 Kxd4 55. c3+ Kc5 56. Kc2 d4 57. Kb2 dxc3+ 58.
Kxc3 b4+ 59. Kb2 c3+ 60. Kb3 Ra3+ 61. Kc2 Kc4 62. Kc1 b3 63. Kd1 b2 64. Kc2 Ra4 65.
Rf1 b1=Q+ 0-1

[Event "*** Titled Tuesday Blitz"]
[Site "Chess.com"]
[Date "2021.03.30"]
[Round "6"]
[White "sokidze"]
[Black "elohunter1999"]
[Result "1-0"]
[WhiteElo "2783"]
[BlackElo "2537"]
[TimeControl "180+1"]
[EndTime "11:07:41 PDT"]
[Termination "sokidze won by checkmate"]

1. d4 Nf6 2. g3 c5 3. d5 b5 4.
Bg2 d6 5. e4 g6 6. f4 Bg7 7. e5 Nfd7 8. a4 b4 9. e6 Nf6 10.
exf7+ Kxf7 11. Nh3 h6 12. O-O Rf8 13. Nd2 Bf5 14.
Nf3 Qd7 15. Nf2 Kg8 16. Nh4 Na6 17. h3 h5 18. Nxf5 gxf5 19. Qd3 Nc7 20. Nd1 h4 21. Ne3 Nh5 22. gxh4 Bd4 23. c3 bxc3 24. bxc3 Bxe3+ 25. Bxe3 Kh7 26. Kh2 Rg8 27. Rg1 Ne8 28. Bf3 Nef6 29.
Rg5 Kh6 30. Rag1 Rg7 31. Qe2 Qe8 32. Bxh5 Nxh5 33. Rxh5+ Qxh5 34. Qxh5+ Kxh5 35. Rxg7 Rb8 36. Rxe7 Rb2+ 37. Kg3 a5 38. Rh7+ Kg6 39. Rd7 Re2 40.
Rxd6+ Kh5 41. Kf3 Rh2 42. Kg3 Re2 43. Bf2 c4 44. Rc6 Re3+ 45. Kg2 Rg3+ 46. Kf1 Rxc3 47. Rf6 Rc1+ 48. Ke2 c3 49. Rxf5+ Kg6 50. Rg5+ Kf6 51. Bd4+ Ke7 52. Kd3 c2 53. Bb2 Rd1+ 54.
Kxc2 Rh1 55. Be5 Kd7 56. Rg7+ Ke8 57. d6 Rh2+ 58. Kd1 Rh1+ 59. Ke2 Rh2+ 60. Kf1 Rd2 61. d7+ Kd8 62. Bf6+ Kc7 63. d8=Q+ Kc6 64. Qxd2 Kc5 65. Qd4+ Kc6 66. Qc4+ Kd6 67. Be5# 1-0

[Event "*** Titled Tuesday Blitz"]
[Site "Chess.com"]
[Date "2021.03.30"]
[Round "6"]
[White "Gloomy_Wanderer"]
[Black "WanderingPuppet"]
[Result "1-0"]
[WhiteElo "2707"]
[BlackElo "2512"]
[TimeControl "180+1"]
[EndTime "11:07:41 PDT"]
[Termination "Gloomy_Wanderer won on time"]

1. d4 Nf6 2. Nf3 d5 3. c4 c6 4. Qc2 e6 5. g3 dxc4 6. Qxc4 c5 7. Bg2 Nc6 8. dxc5 Qa5+ 9. Nc3 Qxc5 10. Qb3 Be7 11.
O-O O-O 12. Be3 Qa5 13. Rfd1 Qb4 14. Qc2 e5 15. a3 Qg4 16. h3 Qf5 17. Qb3 h6 18.
Rac1 Qe6 19. Qxe6 Bxe6 20. Nb5 Nd5 21. Bc5 Bxc5 22. Rxc5 a6 23. Nd6 Rab8 24. Rcxd5 Bxd5 25. Rxd5 Rfd8 26. Nd2 Rd7 27. N6c4 Rxd5 28. Bxd5 Rd8 29. Bxc6 bxc6 30. Kf1 f6 31. e3 g5 32. g4 Kg7 33. Ke2 Kf7 34. Ne4 Rd5 35. Ned6+ Ke6 36. Nf5 a5 37. Nxh6 Rc5 38. Kd3 a4 39. Nf5 Rd5+ 40. Kc2 Rc5 41. Nd6 Kd5 42. Kc3 Ke6 43.
e4 Ke7 44. Nf5+ Ke6 45. Ne3 Ke7 46. h4 gxh4 47. Nf5+ Kf7 48. Nxh4 Rb5 49. Kc2 Rb3 50. Ne3 Ke6 51. Nf3 Rb8 52. Nd2 Rg8 53. f3 Rb8 54. Nd1 Rh8 55. Nc3 Rh2 56. Nxa4 Kd6 57. b4 Rh3 58. Nc5 Rh1 59. a4 Ra1 60. a5 Kc7 61. a6 Kb6 62. Nc4+ Kb5 63. Nd6+ Kxb4 64. Nd3+ Ka5 65.
a7 Kb6 66. Ne8 Rxa7 67. Nxf6 Ra2+ 68. Kc3 Rg2 69. Nxe5 c5 70. Nc4+ Kb5 71. e5 Kc6 72. Kd3 Rf2 73. Ke3 Rf1 74. Ke2 Rc1 75. e6 1-0

[Event "*** Titled Tuesday Blitz"]
[Site "Chess.com"]
[Date "2021.03.30"]
[Round "6"]
[White "eCztery"]
[Black "Gudmundur_Kjartansson"]
[Result "1/2-1/2"]
[WhiteElo "2391"]
[BlackElo "2549"]
[TimeControl "180+1"]
[EndTime "11:07:41 PDT"]
[Termination "Game drawn by repetition"]

1. e4 Nf6 2. Nc3 e5 3. Nf3 Nc6 4. d4 exd4 5. Nxd4 Bb4 6. Nxc6 bxc6 7. Bd3 d5 8. exd5 O-O 9. O-O cxd5 10. Bg5 c6 11. Qf3 Bd6 12. Rad1 Rb8 13. Bxf6 Qxf6 14. Qxf6 gxf6 15. b3 Re8 16. Ne2 Bg4 17. Nd4 Bxd1 18. Rxd1 c5 19. Nc6 Rb7 20. g3 Rc7 21. Bb5 Rec8 22.
Na5 d4 23. Bd3 Re7 24. Kf1 Kg7 25. Nc4 Bc7 26. a4 Rce8 27. h3 h5 28. Nd2 Ba5 29. Nf3 Bc3 30. Bb5 Rd8 31. Nh4 Re5 32.
Bd3 Rdd5 33. f4 Re3 34. Nf5+ Rxf5 35. Bxf5 Rxg3 36. Rd3 Re3 37. Rxe3 dxe3 38. Ke2 Bd2 39. Be4 h4 40. Bf3 Kf8 41. f5 Ke7 42. Bd5 Kd6 43.
Bxf7 Ke5 44. Kf3 Kxf5 45. c3 Ke5 46. b4 cxb4 47. cxb4 Bxb4 48. Kxe3 f5 49. Be8 a5 50.
Kf3 Be7 51. Bb5 Bg5 52. Be8 Kd4 53. Bb5 Kc3 54. Bd7 Be7 55. Bxf5 Kb4 56. Bd7 Bd8 57. Kg4 Be7 58. Kf5 Bd8 59. Ke6 Bc7 60. Bc6 Bg3 61.
Kd7 Be1 62. Bb5 Bg3 63. Ke6 Be1 64. Kd5 Bg3 65. Ke4 Be1 66. Kf3 Bg3 67. Ke2 Kc5 68.
Kf1 Kb4 69. Kg2 Kc5 70. Kf3 Kb4 71. Ke4 Kc5 72. Kd3 Kb4 73. Kd4 Bf2+ 74. Kd5 Bg3 75.
Kc6 Be1 76. Kb7 Bg3 77. Ka6 Be1 78. Be8 Bf2 79. Bb5 Bg3 80. Kb7 Be1 81. Kc6 Bg3 82.
Kd5 Be1 83. Ke4 Bg3 84. Kd3 Be1 85. Ke2 Bg3 86. Kf1 Kc5 87. Kg2 Kb4 88. Kf3 Kc5 89.
Ke4 Kb4 90. Kd4 Be1 91. Kd5 Bg3 1/2-1/2

[Event "*** Titled Tuesday Blitz"]
[Site "Chess.com"]
[Date "2021.03.30"]
[Round "6"]
[White "TeukkaSalama"]
[Black "volunteers1998"]
[Result "0-1"]
[WhiteElo "2337"]
[BlackElo "2195"]
[TimeControl "180+1"]
[EndTime "11:07:41 PDT"]
[Termination "volunteers1998 won on time"]

1. e4 c5 2. Nf3 Nc6 3. d4 cxd4 4. Nxd4 Nf6 5. Nc3 e5 6. Ndb5 d6 7. Bg5 a6 8. Na3 b5 9. Nd5 Be7 10. Bxf6 Bxf6 11. c3 Bg5 12. Nc2 Rb8 13. Bd3 O-O 14. h4 Bh6 15. g4 f6 16. f3 Be6 17.
Qe2 Ne7 18. g5 fxg5 19. Nce3 gxh4 20. O-O-O Nxd5 21. exd5 Bxd5 22. Bxh7+ Kxh7 23. Rxd5 Qg5 24. Rd3 Rf7 25. Kb1 Rbf8 26. Ng4 Kh8 27. a3 Qf5 28.
Ka1 Bg5 29. Rh3 Qf4 30. Rxd6 Qc1+ 31. Ka2 Re8 32. Rd5 Qf4 33. Nf2 Qf5 34. Qf1 Qe6 35.
Qd1 Rd7 36. c4 Red8 37. Rxd7 Rxd7 38. Qc2 Qxc4+ 39. Qxc4 bxc4 40. Ne4 Bd8 41. Kb1 Rd1+ 42. Kc2 Rf1 43. Kc3 Kh7 44. Kb4 Rb1 45. Kxc4 Rxb2 46. Kd5 Rb3 47. Kxe5 Rxa3 48. Kf5 g5 49. Kg4 Kg6 50. Rh1 a5 51. Rd1 Bc7 52. Rd7 Bf4 53. Ra7 a4 54. Ra6+ Kf7 55. Kf5 Ke7 56. Ra7+ Kd8 57.
Ke6 Rxf3 58. Nc5 h3 59. Na6 Kc8 60. Nc5 Kb8 61. Rb7+ Kc8 62. Kd5 h2 0-1

[Event "*** Titled Tuesday Blitz"]
[Site "Chess.com"]
[Date "2021.03.30"]
[Round "6"]
[White "CzechmVIII"]
[Black "Mrlammy"]
[Result "1-0"]
[WhiteElo "2221"]
[BlackElo "2304"]
[TimeControl "180+1"]
[EndTime "11:07:41 PDT"]
[Termination "CzechmVIII won by checkmate"]

1. e4 e6 2. d4 d5 3. Nc3 Nf6 4. Bg5 Bb4 5. e5 h6 6. Bc1 Ne4 7. Qg4 Kf8 8. Ne2 c5 9. a3 Ba5 10. dxc5 Nxc3 11. Nxc3 Nc6 12. Qg3 Bxc3+ 13. Qxc3 Qh4 14.
Bd3 d4 15. Qb3 Nxe5 16. O-O Nc6 17. Re1 Qe7 18. Qc4 Bd7 19. b4 a6 20. Bb2 Qf6 21.
c3 dxc3 22. Bxc3 Qg5 23. Rad1 Ne7 24. h4 Qd5 25. Qg4 Rg8 26. Bh7 h5 27. Rxd5 hxg4 28. Rxd7 Rh8 29. Be4 Rxh4 30. Bxb7 Rb8 31. c6 Nf5 32. c7 Re8 33. c8=Q Rxc8 34. Bxc8 g3 35.
fxg3 Nxg3 36. Kf2 Ne4+ 37. Kg1 Nxc3 38. Ra7 Nd5 39. Bxa6 Rg4 40. Rc1 g6 41. Bc4 Ne3 42. Be2 Rd4 43. Rcc7 Rf4 44. Bf3 g5 45. b5 g4 46. b6 gxf3 47. gxf3 Rxf3 48. b7 Rf1+ 49. Kh2 Rb1 50. Rc8+ Kg7 51. b8=Q Rxb8 52. Rxb8 Ng4+ 53. Kg3 Ne5 54. Rbb7 Nc6 55. Ra6 Nd4 56. Raa7 Nf5+ 57. Kf2 Nd6 58. Rd7 Nb5 59. Rxf7+ Kg6 60. Rg7+ Kf6 61.
Raf7+ Ke5 62. Re7 Kd5 63. a4 Nc3 64. a5 Ne4+ 65. Kg2 Nd6 66. Rd7 Kc6 67. Rxd6+ Kxd6 68. a6 Ke5 69. a7 Ke4 70. a8=Q+ Ke3 71. Qf8 Kd4 72. Qf6+ e5 73. Re7 Kc4 74. Qxe5 Kb3 75. Qe3+ Ka2 76. Re4 Kb1 77. Qe1+ Kc2 78. Qf2+ Kd3 79.
Re3+ Kd4 80. Qf4+ Kd5 81. Re5+ Kd6 82. Qf6+ Kd7 83. Re7+ Kd8 84. Qf8# 1-0

[Event "*** Titled Tuesday Blitz"]
[Site "Chess.com"]
[Date "2021.03.30"]
[Round "6"]
[White "Duhless"]
[Black "GMKrikor"]
[Result "1/2-1/2"]
[WhiteElo "3047"]
[BlackElo "2847"]
[TimeControl "180+1"]
[EndTime "11:07:42 PDT"]
[Termination "Game drawn by repetition"]

1. d4 Nf6 2. c4 g6 3. Nc3 d5 4. cxd5 Nxd5 5. e4 Nxc3 6. bxc3 Bg7 7. Nf3 c5 8. Bb5+ Nc6 9. Rb1 O-O 10. d5 Ne5 11. O-O Bg4 12. Be2 Bxf3 13. Bxf3 Nxf3+ 14. Qxf3 b6 15. c4 e6 16. Bf4 exd5 17. exd5 Qd7 18. Rfe1 Rfe8 19. g3 Bd4 20. Kg2 h5 21. d6 Rac8 22.
Qd5 h4 23. gxh4 Qg4+ 24. Bg3 Rcd8 25. a4 Re6 26. a5 Rexd6 27. Qe4 Qxe4+ 28. Rxe4 bxa5 29. Bxd6 Rxd6 30. Rb7 Ra6 31. Re8+ Kg7 32. Ree7 Rf6 33. f3 a6 34. Ra7 a4 35. Re2 a3 36. Rb7 Bb2 37.
Rexb2 axb2 38. Rxb2 a5 39. Ra2 Ra6 40. Ra4 Kf6 41. f4 Kf5 42. Kf3 Ra8 43. h3 Ra7 44.
Ke3 Ra8 45. Kf3 Ra6 46. Ke3 Re6+ 47. Kd3 Kxf4 48. Rxa5 Re3+ 49. Kd2 Re5 50. Ra7 Rf5 51. h5 gxh5 52. Kd3 h4 53. Rd7 f6 54. Rd6 Kg3 55. Rd5 Rg5 56. Ke3 Kxh3 57. Kf3 Rg3+ 58. Kf2 Rg5 59. Kf3 Rg3+ 60. Kf2 Rg5 61. Kf3 1/2-1/2

[Event "*** Titled Tuesday Blitz"]
[Site "Chess.com"]
[Date "2021.03.30"]
[Round "6"]
[White "EvgenyT"]
[Black "ymoy"]
[Result "1-0"]
[WhiteElo "2920"]
[BlackElo "2729"]
[TimeControl "180+1"]
[EndTime "11:07:42 PDT"]
[Termination "EvgenyT won by resignation"]

1. d4 Nf6 2. Nf3 e6 3. g3 b6 4. Bg2 Bb7 5. O-O Be7 6. c4 O-O 7. Re1 d5 8. cxd5 exd5 9. Bf4 Na6 10. Nc3 Re8 11. Rc1 h6 12. a3 Bf8 13. b4 c5 14.
bxc5 bxc5 15. Rb1 Qc8 16. Qb3 Bc6 17. Ne5 cxd4 18. Nxd5 Nxd5 19. Bxd5 Bxd5 20. Qxd5 Qe6 21. Qxe6 Rxe6 22. Nf3 Rd8 23. Red1 Rxe2 24. Nxd4 Ra2 25.
Nc6 Rxd1+ 26. Rxd1 Bxa3 27. Rd8+ Kh7 28. Ne5 Bc5 29. Nxf7 Rxf2 30. Rh8+ Kg6 31. Ne5+ Kf5 32. Nd3 Re2+ 33. Nxc5 Nxc5 34. Ra8 a6 35. Bd6 Ne4 36. Rxa6 Kg4 37. Kf1 Rxh2 38. Ra4 Kf5 39. g4+ Kxg4 40. Bxh2 Kf3 41. Be5 g5 42. Ra3+ Kg4 43. Kg2 h5 44. Bc7 h4 45. Ra4 Kf5 46. Bd8 Ke5 47. Ra5+ Kf4 48. Ra4 Kf5 49. Ra5+ Kf4 50. Kh3 Nf2+ 51. Kh2 Ne4 52. Kg2 Kg4 53. Bc7 h3+ 54. Kh2 Nd2 55. Ra4+ Kh5 56. Kxh3 Nf3 57. Kg3 Ng1 58. Ra2 g4 59. Ra5+ Kg6 60. Kxg4 Ne2 61. Be5 Nc1 62.
Rd5 Nb3 63. Kf3 Na1 64. Bxa1 1-0

[Event "*** Titled Tuesday Blitz"]
[Site "Chess.com"]
[Date "2021.03.30"]
[Round "6"]
[White "Soltan49"]
[Black "BendyBear"]
[Result "1-0"]
[WhiteElo "2250"]
[BlackElo "2422"]
[TimeControl "180+1"]
[EndTime "11:07:42 PDT"]
[Termination "Soltan49 won by checkmate"]

1. Nf3 g6 2. d4 Bg7 3. c4 c5 4. Nc3 cxd4 5. Nxd4 Nc6 6. Nxc6 bxc6 7. e4 Qc7 8. Be2 Nf6 9. O-O O-O 10. Be3 Rb8 11.
b3 d6 12. Rc1 h5 13. f3 Be6 14.
Qd2 Kh7 15. h3 Rfd8 16. f4 Qd7 17. f5 gxf5 18. exf5 Bxf5 19. Rxf5 Rh8 20. Rcf1 Kg8 21. Bd4 e5 22. Be3 Qe6 23. Bg5 Ne8 24. Kh1 Rb7 25. Qe3 Rd7 26. Bh4 d5 27. cxd5 cxd5 28. Nd1 d4 29.
Qd2 Rh6 30. Rxh5 Rg6 31. Rg5 Rxg5 32. Bxg5 Qg6 33. Bh4 d3 34. Bf3 e4 35. Bg4 Rd5 36. Ne3 Rc5 37. Bf5 Qh5 38. Bg3 Bh6 39. Bxe4 Rg5 40.
Bf4 Qh4 41. Bxg5 Bxg5 42. Qxd3 Qg3 43. Nf5 Qe5 44. Qg3 f6 45. Qxe5 fxe5 46. Ne7+ Bxe7 47. Bc6 Nf6 48. g4 Kg7 49. Re1 Bd6 50. Kg2 Kf7 51. Kf3 Ke6 52. h4 Bc5 53. g5 Ng8 54. h5 Kd6 55. Bb5 Ne7 56. Bc4 Bb4 57. Rd1+ Kc5 58. g6 Nc6 59. g7 Nd4+ 60. Rxd4 exd4 61. g8=Q d3 62. Qd5+ Kb6 63. Qb5+ Kc7 64. Bxd3 a5 65. Qc4+ Kb6 66. Qxb4+ Ka7 67. Qxa5+ Kb8 68. Qb6+ Ka8 69. Be4# 1-0

[Event "*** Titled Tuesday Blitz"]
[Site "Chess.com"]
[Date "2021.03.30"]
[Round "6"]
[White "RamyresCoelho"]
[Black "Trickster_Pony"]
[Result "1/2-1/2"]
[WhiteElo "2153"]
[BlackElo "1519"]
[TimeControl "180+1"]
[EndTime "11:07:42 PDT"]
[Termination "Game drawn - insufficient material"]

1. e4 c5 2. Nf3 g6 3. d4 cxd4 4. Nxd4 Bg7 5. Nc3 Nc6 6. Be3 Nf6 7. Bc4 O-O 8. Bb3 d5 9. exd5 Na5 10. O-O Nxb3 11.
Nxb3 b6 12. Qd2 Bb7 13. Rad1 Rc8 14. f3 Qd7 15. d6 exd6 16. Qxd6 Qe8 17. Qd2 Rd8 18.
Qxd8 Qxe3+ 19. Kh1 Rxd8 20. Rxd8+ Bf8 21. Rfd1 Kg7 22.
R8d3 Qf4 23. Ne2 Qe5 24. Nc3 Ba6 25. R3d2 Bb4 26. a3 Bxc3 27. bxc3 Qxc3 28. h3 Bc4 29.
Nd4 Qxa3 30. Nc6 Qc5 31. Nd4 Nd5 32. Re1 Qb4 33. Red1 Nc3 34. Ra1 Nb1 35. Rd1 Nc3 36.
Re1 Bd5 37. Nb3 Bxb3 38. cxb3 Qxb3 39. Rxa7 b5 40. Ree7 b4 41. h4 Qc4 42. h5 Qf1+ 43. Kh2 Qc4 44. Kg1 b3 45. hxg6 b2 46. Rxf7+ Kh6 47.
Rxh7+ Kg5 48. Ra5+ Nb5 49. f4+ Kxf4 50. Rh4+ Kg5 51.
Rxc4 b1=Q+ 52. Kh2 Qf5 53. Raa4 Qe5+ 54. Kg1 Qe1+ 55. Kh2 Qe5+ 56. g3 Qe1 57. Rg4+ Kf6 58. Raf4+ Kg7 59. Rf7+ Kg8 60. Rgf4 Qe2+ 61. Kg1 Qd1+ 62.
Kg2 Qe2+ 63. Kh3 Qh5+ 64. Rh4 Qxg6 65. Rg4 Qxg4+ 66. Kxg4 Kxf7 67. Kf4 Nd6 68. g4 Ne8 69. Kg5 Ng7 70. Kf4 Ne6+ 71. Kf5 Ng7+ 72. Ke5 Ne6 73. Kf5 Ng7+ 74. Kg5 Ne6+ 75. Kh6 Ng7 76. g5 Nf5+ 77. Kh7 Ne7 78. g6+ Nxg6 1/2-1/2

[Event "*** Titled Tuesday Blitz"]
[Site "Chess.com"]
[Date "2021.03.30"]
[Round "6"]
[White "Rud_Makarian"]
[Black "Aradhya2000"]
[Result "1-0"]
[WhiteElo "2802"]
[BlackElo "2580"]
[TimeControl "180+1"]
[EndTime "11:07:43 PDT"]
[Termination "Rud_Makarian won by checkmate"]

1. d4 d5 2. c4 c6 3. Nf3 Nf6 4.
Nc3 dxc4 5. a4 Bf5 6. Ne5 Nbd7 7. Nxc4 Nb6 8. Ne5 a5 9. f3 Nfd7 10. e4 Nxe5 11. dxe5 Be6 12. Qc2 Qc7 13. Bf4 Nd7 14. Rd1 g6 15. Ne2 Bg7 16. Nd4 Bxe5 17. Nxe6 fxe6 18.
Bh6 O-O-O 19. g3 Qb6 20. b3 Nc5 21. Bc4 Rxd1+ 22. Kxd1 Rd8+ 23. Ke2 Bd4 24. h4 e5 25. h5 Kb8 26. Bg5 Qc7 27. hxg6 hxg6 28. Rh7 Rd7 29.
Qc1 Qd6 30. Qd2 b6 31. Kf1 Ne6 32. Bh4 g5 33. Bxg5 Nxg5 34. Qxg5 Bc5 35. Kg2 Qd1 36. Qf5 e6 37. Rh8+ Kc7 38. Qf6 b5 39. axb5 cxb5 40. Bxe6 Qd6 41. Qf5 Re7 42. Bd5 Qd7 43. Qf6 Qd6 44.
Qf8 Kb6 45. Qa8 Bb4 46. Rb8+ Kc5 47. Rc8+ Kd4 48. Rc6 Qd7 49. Qh8 Rg7 50. Qh1 Rh7 51. Qd1+ Ke3 52. Qg1+ Kd3 53. Qf1+ Ke3 54. Qf2+ Kd3 55. g4 Qa7 56. Qf1+ Ke3 57. Qc1+ Kd3 58. Qc2+ Ke3 59. Qf2+ Kf4 60. Qg3+ Kg5 61. Qxe5+ Kh4 62. Qg3+ Kg5 63. f4# 1-0

[Event "*** Titled Tuesday Blitz"]
[Site "Chess.com"]
[Date "2021.03.30"]
[Round "6"]
[White "Mikhail_Golubev"]
[Black "XDPS"]
[Result "1-0"]
[WhiteElo "2550"]
[BlackElo "2764"]
[TimeControl "180+1"]
[EndTime "11:07:44 PDT"]
[Termination "Mikhail_Golubev won by resignation"]

1. e4 e5 2. Nf3 Nc6 3. Bb5 a6 4.
Ba4 d6 5. O-O Bd7 6. c3 g6 7. d4 Bg7 8. h3 Nf6 9. Re1 O-O 10. Nbd2 Re8 11. dxe5 Nxe5 12. Nxe5 dxe5 13. Bb3 Bc6 14. Qc2 a5 15. a4 Qe7 16. Nf1 h6 17.
Ng3 Rad8 18. Be3 b6 19. Rad1 Kh7 20. f3 h5 21. Bg5 Bh6 22. Bxh6 Kxh6 23. Qc1+ Kh7 24.
Qg5 Rf8 25. Kh1 Nd5 26. Qxe7 Nxe7 27. Nf1 Kg7 28. Ne3 h4 29. Kg1 f6 30. Kf2 Nc8 31. Nc4 Rfe8 32. Ke3 Ne7 33. Bc2 Nc8 34.
b4 axb4 35. cxb4 Na7 36. a5 b5 37. Nb2 Bd7 38. Nd3 Nc6 39. Bb1 Nd4 40. Nc5 Bc8 41.
a6 Be6 42. Bd3 Bc4 43. Ra1 Ra8 44. Bxc4 bxc4 45. Rec1 Reb8 46. Rxc4 Rxb4 47. Rxb4 Nc2+ 48. Kd3 Nxb4+ 49. Kc4 Nc2 50. Ra2 Ne3+ 51. Kb5 f5 52. Kc6 fxe4 53. fxe4 Nc4 54. Kb7 Rf8 55. a7 Nb6 56.
Kxc7 Na8+ 57. Kb7 Kh6 58. Nd7 Rd8 59. Nb8 Rd2 60. Rxd2 1-0

[Event "*** Titled Tuesday Blitz"]
[Site "Chess.com"]
[Date "2021.03.30"]
[Round "6"]
[White "Kildepiotr"]
[Black "kuli4ik"]
[Result "0-1"]
[WhiteElo "2685"]
[BlackElo "2859"]
[TimeControl "180+1"]
[EndTime "11:07:47 PDT"]
[Termination "kuli4ik won by checkmate"]

1. Nf3 g6 2. g3 Bg7 3. d4 d6 4. Bg2 Nd7 5. O-O e5 6. dxe5 dxe5 7. e4 Ne7 8. Qe2 O-O 9. b3 Nc6 10. c3 a5 11. Rd1 Qe8 12. Na3 b6 13. Nc4 f6 14.
Ne3 Ba6 15. Qc2 Rf7 16. Nd5 Nc5 17. Be3 Ne6 18. b4 Rd8 19. a4 Bb7 20. b5 Nb8 21. Nd2 Nd7 22. Nb3 Bf8 23. Bh3 Ndc5 24. Nxc5 Nxc5 25.
f3 Bc8 26. Bxc8 Rxc8 27. Rd2 Ne6 28. Rad1 Bc5 29. Bxc5 Nxc5 30. Ne3 Kg7 31. Rd5 Rd7 32. R1d2 Rf7 33. Qd1 h5 34. Nc4 Qe6 35. Nxa5 Nxe4 36.
fxe4 bxa5 37. Rd7 Rf8 38. R2d5 h4 39. Kg2 hxg3 40. hxg3 Qb6 41. c4 Qe3 42. Qd3 Qc1 43. c5 Qb2+ 44. Qd2 Qb1 45. Qd3 Qa2+ 46. Kf3 Qxa4 47.
Rxf7+ Rxf7 48. Rd7 Rxd7 49. Qxd7+ Kh6 50. Qe8 Kg5 51.
Qd7 Qb3+ 52. Kg2 Qc2+ 53. Kh3 Qxc5 54. Qg4+ Kh6 55. Qc8 Kg7 56. Qd7+ Kh6 57. Qd8 g5 58. Qh8+ Kg6 59. Qg8+ Kh6 60. Kg4 Qe7 61. Qh8+ Kg6 62. Qg8+ Qg7 63. Qe8+ Qf7 64. Qc8 Kg7 65. Kf5 a4 66.
Qa8 Qg6+ 67. Ke6 Qf7+ 68. Kf5 Qd7# 0-1

[Event "*** Titled Tuesday Blitz"]
[Site "Chess.com"]
[Date "2021.03.30"]
[Round "6"]
[White "zurzan"]
[Black "Perecke"]
[Result "1-0"]
[WhiteElo "1984"]
[BlackElo "2287"]
[TimeControl "180+1"]
[EndTime "11:07:47 PDT"]
[Termination "zurzan won on time"]

1. f4 e5 2. fxe5 d6 3. exd6 Bxd6 4. Nf3 g5 5. g3 g4 6. Nh4 Ne7 7. d4 Ng6 8. Nxg6 hxg6 9. Qd3 Bf5 10. e4 Qe7 11.
Bg2 Nc6 12. c3 O-O-O 13. O-O Be6 14. Bf4 Bxf4 15. Rxf4 Ne5 16. Qb5 g5 17. Rf2 Nf3+ 18. Bxf3 gxf3 19. Nd2 g4 20. d5 Bd7 21. Qa5 Kb8 22. c4 Qe5 23. Qc3 Qg5 24. c5 Bc8 25.
Rc1 Rh3 26. Nf1 Re8 27. Re1 f6 28. d6 Qg7 29. b4 cxd6 30. cxd6 Qd7 31. Rd1 Re6 32.
Rfd2 b6 33. a4 Bb7 34. Qc7+ Qxc7 35. dxc7+ Kxc7 36. Rd7+ Kc8 37. Rd8+ Kc7 38. R1d7+ Kc6 39.
b5+ Kc5 40. Rxb7 Rxe4 41. Rc8+ Kb4 42. Rxa7 Re2 43. Rac7 Rg2+ 44. Kh1 Kxa4 45. Rc4+ Kxb5 46. Rc2 Re2 47. R8c3 Re1 48. Rf2 Rh8 49. Rcc2 Rd8 50. Rb2+ Ka6 51. Ra2+ Kb7 52. Kg1 Rdd1 53. Rab2 Kc6 54.
h3 f5 55. hxg4 fxg4 56. Rbc2+ Kd5 57. Rcd2+ Rxd2 58. Rxd2+ Kc5 59. Rc2+ Kd5 60. Rd2+ Kc4 61. Rc2+ Kb3 62. Rd2 b5 63. Rd3+ Kc4 64. Rd2 b4 65. Kf2 Re2+ 66. Rxe2 fxe2 67. Kxe2 1-0

[Event "*** Titled Tuesday Blitz"]
[Site "Chess.com"]
[Date "2021.03.30"]
[Round "6"]
[White "ApoIogiA"]
[Black "RaphCamora"]
[Result "1-0"]
[WhiteElo "2206"]
[BlackElo "2392"]
[TimeControl "180+1"]
[EndTime "11:07:49 PDT"]
[Termination "ApoIogiA won on time"]

1. d4 d5 2. c4 e6 3. Nc3 c6 4.
Nf3 dxc4 5. a4 Bb4 6. e4 b5 7. Be3 Nf6 8. Qc2 Bb7 9. e5 Nd5 10. Be2 a6 11. O-O Nxc3 12. bxc3 Be7 13. Rab1 Qc7 14.
Ng5 Bxg5 15. Bxg5 Nd7 16. Rfd1 h6 17. Bh4 c5 18. axb5 axb5 19. Rxb5 Qc6 20. Rxb7 Qxb7 21. Bf3 Qa6 22. Bxa8 Qxa8 23. Qe2 g5 24. Bg3 cxd4 25. Rxd4 Nb6 26. h3 Ke7 27. Rd6 Rb8 28. Qe3 Qa5 29. Rc6 Nd5 30. Qc5+ Qxc5 31. Rxc5 Nxc3 32. Rxc4 Ne2+ 33.
Kh2 Nxg3 34. Kxg3 Rb5 35. Re4 h5 36. h4 Rb3+ 37. f3 g4 38. Kf4 gxf3 39. gxf3 Rb2 40. Kg5 Rf2 41. f4 Rg2+ 42. Kxh5 f5 43. exf6+ Kxf6 44. Kh6 Kf5 45. Re5+ Kxf4 46. Rxe6 Kf5 47. Re7 Kf6 48. Re4 Rg8 49. Kh7 Rg7+ 50. Kh8 Rg1 51. Rf4+ Ke7 52. h5 Rh1 53. Rf5 Ke6 54. Ra5 Kf6 55. Kh7 Kf7 56. h6 Kf8 57. Rf5+ Ke7 58.
Kg6 Rg1+ 59. Kh7 Rh1 60. Rf4 Rg1 61. Kh8 Rh1 62. h7 Ke8 63. Rf5 Ke7 64. Kg7 Rg1+ 65. Kh6 Rh1+ 66. Rh5 Rxh5+ 67. Kxh5 1-0

[Event "*** Titled Tuesday Blitz"]
[Site "Chess.com"]
[Date "2021.03.30"]
[Round "6"]
[White "federicosellitti"]
[Black "MarkoPe"]
[Result "1-0"]
[WhiteElo "2550"]
[BlackElo "2241"]
[TimeControl "180+1"]
[EndTime "11:07:52 PDT"]
[Termination "federicosellitti won by checkmate"]

1. e4 c5 2. Nc3 a6 3. g3 b5 4. Bg2 Bb7 5. d3 b4 6. Nce2 e6 7. f4 d5 8. e5 h5 9. Nf3 Nh6 10. O-O d4 11. c3 Nf5 12. cxd4 cxd4 13. a3 Nc6 14. axb4 Bxb4 15. Qa4 O-O 16. Nd2 Bxd2 17. Bxd2 Rc8 18. Rfc1 Qb6 19. Ra3 Qxb2 20. Rc2 Qb5 21.
Qxb5 axb5 22. Rb3 Ba8 23. Rxb5 Nce7 24. Rbc5 Bxg2 25. Kxg2 Rxc5 26. Rxc5 Ra8 27. Kf3 Ra3 28. Ke4 Ra2 29. Nxd4 Rxd2 30. Rc7 Rxh2 31. Ra7 Nxg3+ 32. Kf3 Ngf5 33. Nb5 h4 34. Nd6 Rh3+ 35. Kg2 Rxd3 36. Ra8+ Kh7 37. Nxf7 h3+ 38. Kh2 Kg6 39. Ng5 Kh5 40.
Nxh3 Kg4 41. Nf2+ Kxf4 42. Nxd3+ Ke4 43. Ra3 Nd5 44. Kh3 g5 45. Nc5+ Kxe5 46. Ra1 Kd6 47.
Nd3 Nd4 48. Re1 Nf3 49. Re2 Nd4 50. Re1 Nf5 51. Kg4 Nd4 52. Rf1 Nf5 53. Kxg5 Nde3 54.
Rf3 Kd5 55. Nf4+ Ke4 56. Nxe6 Nd4 57. Nxd4 Kxd4 58. Kf4 Nd5+ 59. Kf5 Kc5 60. Rf2 Kd6 61. Ke4 Kc5 62. Rf5 Kc6 63. Rxd5 Kc7 64. Kd4 Kc6 65. Ke5 Kc7 66. Rd6 Kb7 67. Kd5 Kc7 68.
Kc5 Kb7 69. Rc6 Kb8 70. Kb6 Ka8 71. Rc8# 1-0